 Dungeon Crawl Stone Soup version 0.31-a0-986-g5e6e4ef867 (webtiles) character file.

Game seed: 7997703709573118956

314 fleeber the Slasher (level 6, -8/52 HPs)
             Began as a Minotaur Gladiator on Nov 18, 2023.
             Killed by divine providence
             ... invoked by an orc priest
              (14 damage)
             ... on level 3 of the Dungeon.
             The game lasted 00:06:10 (1998 turns).

fleeber the Slasher (Minotaur Gladiator)            Turns: 1998, Time: 00:06:10

Health: -8/52      AC:  6    Str: 18    XL:     6   Next: 19%
Magic:  5/5        EV: 16    Int:  5    God:
Gold:   137        SH:  0    Dex: 14    Spells: 5/5 levels left

rFire   . . .        a - +0 long sword
rCold   + . .        (no shield)
rNeg    . . .        n - +0 scale mail
rPois   .            c - +0 hat
rElec   .            (no cloak)
rCorr   .            (no gloves)
SInv    .            (no boots)
Will    .....        (no amulet) Stlth
                     p - ring of protection from cold
HPRegen 0.28/turn    q - +5 ring of evasion
MPRegen 0.09/turn

%: no passive effects
@: no status effects
A: horns 2, retaliatory headbutt
a: no special abilities


You were on level 3 of the Dungeon.
You visited 1 branch of the dungeon, and saw 3 of its levels.

You collected 137 gold pieces.

Inventory:

Hand Weapons
 a - a +0 long sword (weapon)
Missiles
 d - 3 throwing nets
 e - a javelin
 h - 2 poisoned darts (quivered)
Armour
 b - a +0 leather armour
 c - a +0 hat (worn)
 n - a +0 scale mail (worn)
Jewellery
 p - a ring of protection from cold (left hand)
 q - a +5 ring of evasion (right hand)
 s - the ring of the Empire {Drain rC+++ rN+ AC+4 Str+3}
   (You found it on level 2 of the Dungeon)

   [ring of protection]

   AC+4:      It affects your AC (+4).
   Str+3:     It affects your strength (+3).
   rC+++:     It renders you almost immune to cold.
   rN+:       It protects you from negative energy.
   Drain:     It drains your maximum health when unequipped.
Wands
 o - a wand of light (7)
Scrolls
 g - 2 scrolls of teleportation {unknown}
 i - 2 scrolls of fear {unknown}
 j - 3 scrolls of identify {unknown}
Potions
 f - a potion of cancellation {unknown}
 k - 2 potions of mutation {unknown}
 l - a potion of heal wounds {unknown}
 m - a potion of curing {unknown}
 r - a potion of berserk rage {unknown}
 t - a potion of enlightenment {unknown}


   Skills:
 + Level 4.1 Fighting
 + Level 5.0 Long Blades
 + Level 3.4 Throwing
 + Level 2.5 Armour
 + Level 4.6 Dodging


You had 5 spell levels left.
You didn't know any spells.
Your spell library was empty.

Dungeon Overview and Level Annotations

Branches:
Dungeon (3/15)

Altars:

Shops:
D:1 *


Innate Abilities, Weirdness & Mutations

You have a pair of horns on your head.
You reflexively headbutt those who attack you in melee.


Message History

Beogh smites you! The phantom hits you.
* * * LOW HITPOINT WARNING * * *
The goblin misses you. The orc closely misses you.
The phantom hits you but does no damage.
The orc priest barely misses you.
You slash the phantom!
You destroy the phantom!
The goblin closely misses you. The orc misses you. The orc priest misses you.
Your Fighting skill increases to level 4!
Your Long Blades skill increases to level 5!
You have reached level 6!
You closely miss the orc priest. The goblin closely misses you.
The orc hits you but does no damage. The orc priest misses you.
You hit the orc priest but do no damage.
Your headbutt misses the orc priest. The goblin barely misses you.
The orc hits you from afar with a +0 trident of protection.
* * * LOW HITPOINT WARNING * * *
The orc priest hits you with a +0 flail.
* * * LOW HITPOINT WARNING * * *
You hit the orc priest.
The orc priest is moderately wounded.
The goblin hits you but does no damage. The orc completely misses you.
The orc priest looks braver for a moment.
The goblin hits you with a +0 dagger.
* * * LOW HITPOINT WARNING * * *
You hit the orc priest.
The orc priest is heavily wounded.
The orc closely misses you.
The orc priest calls down the wrath of Beogh upon you.
You barely resist. The goblin hits you but does no damage.
You closely miss the orc priest.
The orc priest is heavily wounded.
The orc closely misses you. The orc priest completely misses you.
The goblin barely misses you.
You hit the orc priest.
The orc priest is heavily wounded.
The orc closely misses you.
The orc priest mumbles some strange prayers to Beogh against you.
Beogh smites you!
You die...

#...# #######
#.>.######.....#
#...##.........# .
#####...##.........#.###
........''.........'....
........##.........#.###
####....##)........# .
♣# #.#####.........# .#
#.#####..g@###...# .##
#........o## ...#
..#####........o# ...#
#.....#.........# ...#
....#.#.).......... ..#
.##.#.).............
.##.##..########.....
.##.##....# .....
.##.##.##.# .....


You could see an orc priest, an orc and a goblin.

Vanquished Creatures
  A centaur (D:3)
  A phantom (D:3)
  A howler monkey (D:2)
  Jessica (D:2)
  2 adders
  2 worms (D:2)
  4 dart slugs
  5 orcs
  4 ball pythons
  6 bats
  6 endoplasms
  2 giant cockroaches (D:1)
  5 goblins
  A hobgoblin (D:2)
  5 jackals
  5 kobolds
  2 quokkas
  A frilled lizard (D:3)
  3 rats
57 creatures vanquished.

Notes
Turn   | Place    | Note
-------+----------+-------------------------------------------
     0 | D:1      | fleeber the Minotaur Gladiator began the quest for the Orb.
     0 | D:1      | Reached XP level 1. HP: 18/18 MP: 0/0
   193 | D:1      | Found Joocoy's Assorted Antiques.
   197 | D:1      | Reached XP level 2. HP: 23/25 MP: 1/1
   594 | D:1      | Reached skill level 4 in Long Blades
   881 | D:2      | Reached XP level 3. HP: 29/31 MP: 2/2
  1202 | D:2      | Reached skill level 1 in Armour
  1202 | D:2      | Reached XP level 4. HP: 38/38 MP: 3/3
  1215 | D:2      | Identified the ring of the Empire {Drain rC+++ rN+ AC+4
                  | Str+3}
  1360 | D:2      | Noticed Jessica
  1366 | D:2      | Killed Jessica
  1585 | D:3      | Noticed a centaur
  1596 | D:3      | Killed a centaur
  1597 | D:3      | Reached XP level 5. HP: 33/46 MP: 4/4
  1977 | D:3      | Noticed a phantom
  1992 | D:3      | Killed a phantom
  1993 | D:3      | Reached skill level 5 in Long Blades
  1993 | D:3      | Reached XP level 6. HP: 12/52 MP: 5/5
  1998 | D:3      | Killed from afar by an orc priest

Illustrated notes

Levels and vault maps discovered:
D:1:      eino_arrival_water_cross, layout_basic, serial_shops,
          nicolae_diamond_shop, chequers_hall_statues_corner_a,
          bh_walls_and_bars
D:2:      layout_loops_ring, uniq_jessica
D:3:      layout_basic, ebering_ghost_rock_garden,
          shapermc_ecumenical_altar_totnotflames, uniq_natasha

Skill      XL: |  1  2  3  4  5 |
---------------+----------------+-----
Long Blades    | 4 5 |  5.0
Fighting       | 3 4 |  4.1
Armour         | 1 2 |  2.5
Dodging        | 4 |  4.6
Throwing       | 3 |  3.4

Action                     |  1- 3 |  4- 6 || total
---------------------------+-------+-------++-------
  Melee: Long sword        |    71 |    64 ||   135
         Headbutt          |    10 |    11 ||    21
         Punch             |       |     1 ||     1
 Armour: Leather armour    |    30 |       ||    30
         Scale mail        |     9 |    47 ||    56
  Dodge: Dodged            |    39 |    88 ||   127

Table legend: (Time is in decaauts)
 A = Elapsed time spent in this place.
 B = Non-inter-level travel time spent in this place.
 C = Inter-level travel time spent in this place.
 D = Time resting spent in this place.
 E = Time spent auto-exploring this place.
 F = Levels seen in this place.
 G = Mean time per level.
                   A        B        C        D        E       F      G
               +--------+--------+--------+--------+--------+-----+--------+
         Total |   2021 |   1984 |     37 |    115 |   1489 |   3 |  673.7 |
       Dungeon |   2021 |   1984 |     37 |    115 |   1489 |   3 |  673.7 |
               +--------+--------+--------+--------+--------+-----+--------+

Top non-repeatable levels by time:
     D:2: 852 daAuts
     D:1: 831 daAuts
     D:3: 336 daAuts
